AoeStats
← dennis.schauk

Arena

509955255Analyzed
1v1 RM · 2d ago on Sep 28, 2026· 40m 50s· 2 players
Game mode
Random Map
Map size
Tiny (2 player)
Population
200
Speed
Normal
Resources
Standard
Victory
Conquest
Starting age
Dark Age
Ending age
Imperial Age
RankedLock teamsTeams togetherTeam positionsShared explorationLock speedFull tech treeHidden civsTurbo modeCheats
Victory
Defeat
🇪🇸 Berbers · Spain
551
+15
🇩🇪 Turks · Germany
529
-15
dennis.schauk
13:39 Feudal Age
14:05 Horse Collar
14:18 Stone Mining
14:53 Double-Bit Axe
15:47 Wheelbarrow
15:19 Gold Mining
22:00 Castle Age
23:11 Bow Saw
23:20 Hand Cart
23:44 Gold Shaft Mining
23:24 Heavy Plow
36:07 Imperial Age
36:25 Heavy Camel Rider
38:12 Elite Janissary
atxerua
3:25 Loom
11:23 Feudal Age
11:51 Double-Bit Axe
11:51 Horse Collar
12:11 Gold Mining
12:41 Stone Mining
17:18 Wheelbarrow
17:31 Bloodlines
20:46 Castle Age
19:20 Forging
19:57 Fletching
20:42 Padded Archer Armor
21:28 Heavy Plow
21:41 Bow Saw
22:29 Husbandry
23:26 Stone Shaft Mining
23:42 Gold Shaft Mining
25:19 Hand Cart
25:40 Town Watch
27:36 Fervor
27:40 Town Patrol
29:26 Treadmill Crane
29:42 Murder Holes
30:09 Ballistics
30:01 Masonry
33:17 Imperial Age
31:18 Bodkin Arrow
31:59 Iron Casting
33:12 Scale Barding Armor
33:24 Leather Archer Armor
34:24 Bracer
34:08 Heavy Camel Rider
38:02 Chemistry
37:08 Siege Engineers
38:39 Ring Archer Armor
Connection lost

Rejoining the realm…

Still unreachable

The connection could not be restored.

Session expired

The server has moved on; the page needs a fresh start.